 Dungeon Crawl Stone Soup version 0.20.0-8-g6b59dc7 (webtiles) character file.

30820 MDvedh the Grappler (level 13, -1/123 HPs)
             Began as a Troll Warper on May 31, 2017.
             Was a High Priest of Qazlal.
             Killed from afar by a frost giant (49 damage)
             ... with a bolt of cold
             ... in an ice cave.
             The game lasted 00:22:45 (11321 turns).

MDvedh the Grappler (Troll Warper)                 Turns: 11321, Time: 00:22:46

Health: -1/123     AC: 19    Str: 26    XL:     13   Next: 22%
Magic:  19/19      EV:  7    Int:  9    God:    Qazlal [*****.]
Gold:   861        SH:  6    Dex:  9    Spells: 12/14 levels left

rFire    . . .     SeeInvis .     - Unarmed
rCold    . . .     Gourm    +   (no shield)
rNeg     . . .     Faith    +   m - +0 storm dragon scales
rPois    +         Spirit   .   (helmet restricted)
rElec    +         Reflect  .   I - scarf {repulsion}
rCorr    .         Harm     .   (gloves unavailable)
MR       +....                  (boots unavailable)
Stlth    ..........             D - amulet of faith
Regen    0.7/turn               v - ring of poison resistance
MPRegen  0.2/turn               s - ring of protection from magic

@: repel missiles
A: unfitting armour, claws 3, hooves 1, molten scales 1, fast metabolism 3,
gourmand, regeneration 1, shaggy fur 1, tough skin 2
a: Upheaval, Elemental Force, Disaster Area, Renounce Religion


You were in an ice cave.
You worshipped Qazlal.
Qazlal was extremely pleased with you.
You were completely stuffed.

You visited 3 branches of the dungeon, and saw 15 of its levels.
You also visited: Ice Cave.

You collected 861 gold pieces.

Inventory:

Missiles
 d - 5 tomahawks of dispersal (quivered)
 t - 23 tomahawks
Armour
 m - +0 storm dragon scales (worn)
 I - a scarf of repulsion (worn)
Jewellery
 s - a ring of protection from magic (right claw)
 v - a ring of poison resistance (left claw)
 y - a +4 ring of dexterity {unknown}
 D - an amulet of faith (around neck)
 O - an uncursed amulet of rage {unknown}
 Q - an uncursed ring of protection from cold {unknown}
Wands
 u - a wand of flame (28/48)
 w - a wand of polymorph (24/24)
 x - a wand of paralysis (13/24)
 L - a wand of disintegration (12/24)
 P - a wand of paralysis (14/24)
 R - a wand of confusion (38/48)
 T - a wand of flame (21/48)
 U - a wand of clouds (2/9)
Scrolls
 c - 6 scrolls of blinking
 i - 6 scrolls of enchant armour
 j - 5 scrolls of remove curse
 o - 3 scrolls of fog
 p - 5 scrolls of teleportation
 C - 3 scrolls of amnesia
 E - 2 scrolls of fear
 G - a scroll of recharging
 J - 3 scrolls of magic mapping
 M - a scroll of vulnerability
 N - 2 scrolls of identify
Potions
 a - 2 potions of might
 e - 8 potions of curing
 l - 2 potions of degeneration
 n - a potion of brilliance {unknown}
 q - 6 potions of heal wounds
 r - 2 potions of agility
 z - 3 potions of mutation
 A - a potion of magic
 B - 3 potions of lignification
 F - 2 potions of haste
 H - a potion of invisibility {unknown}
Books
 b - a book of Spatial Translocations

   Spells                             Type                      Level
   a - Blink                          Translocation                2
   b - Shroud of Golubria             Charms/Translocation         2
   c - Lesser Beckoning               Translocation                3
   d - Gell's Gravitas                Translocation                3
   e - Teleport Other                 Translocation                3
   f - Passage of Golubria            Translocation                4
 K - a book of Misfortune

   Spells                             Type                      Level
   a - Confusing Touch                Hexes                        1
   b - Confuse                        Hexes                        3
   c - Gell's Gravitas                Translocation                3
   d - Petrify                        Transmutation/Earth          4
   e - Metabolic Englaciation         Hexes/Ice                    5
   f - Yara's Violent Unravelling     Hexes/Transmutation          5
Comestibles
 f - 10 bread rations
 g - 3 meat rations
 h - 20 fruits
 k - 5 royal jellies


   Skills:
 + Level 6.6 Fighting
 - Level 0.8 Throwing
 + Level 9.8 Armour
 - Level 1.9 Dodging
 + Level 13.1 Unarmed Combat
 - Level 1.2 Spellcasting
 - Level 2.1 Translocations
 + Level 10.5 Invocations


You had 12 spell levels left.
You knew the following spells:

 Your Spells              Type           Power        Failure   Level  Hunger
a - Blink                 Tloc           N/A          71%         2    ###....


Dungeon Overview and Level Annotations

Branches:
Dungeon (10/15)            Temple (1/1) D:6            Lair (4/6) D:10
 Shoals (0/4) Lair:2       Spider (0/4) Lair:2          Orc (0/2) D:9

Altars:
Ashenzari
Elyvilon
Gozag
Hepliaklqana
Kikubaaqudgha
Makhleb
Nemelex Xobeh
Okawaru
Qazlal
Ru
Trog
Uskayaw
Vehumet
Xom
Yredelemnul
Zin
The Shining One


Innate Abilities, Weirdness & Mutations

You are too large for most types of armour.
You have claws for hands.
Your metabolism is lightning-fast.
You like to eat raw meat.
Your natural rate of healing is unusually fast.
You are covered in fur. (AC +1)
You have very tough skin. (AC +2)
You have large cloven feet.
You are partially covered in molten scales. (AC +2)


Message History

The frost giant casts a spell at you. The bolt of cold hits you!
Things that are here:
a yak corpse; a rime drake corpse; a polar bear corpse You are too injured to fight recklessly!
You can't see any clouds you can empower.
Unknown command.
Your storm dragon scales prevents you from hitting the frost giant.
Unknown command.
You claw the frost giant!
You kick the frost giant, but do no damage.
The frost giant is lightly wounded.
The frost giant hits you with a battleaxe of freezing!
The frost giant freezes you.
You claw the frost giant!
You kick the frost giant, but do no damage.
The frost giant is moderately wounded.
The frost giant gestures at you while chanting.
The bolt of cold hits you!
You die...

##### ###
#######...##...#
#..#...##.@C#
######
#..########
≈#≈≈.#####..#
≈≈≈#≈..##..##
#≈≈≈##...###
##≈≈≈#####
≈≈≈≈#≈≈#
≈≈≈≈≈≈≈≈≈
##≈≈≈≈≈≈≈


You could see a frost giant.

Vanquished Creatures
  4 two-headed ogres
  An unseen horror (D:10)
  A black mamba (Lair:4)
  A centaur skeleton (D:10)
  3 spiny frogs
  A gargoyle (D:10)
  3 rime drakes (IceCv)
  10 polar bears (IceCv)
  A troll (D:9)
  A hornet (Lair:2)
  Prince Ribbit (D:6)
  8 blink frogs
  A hippogriff (D:8)
  A shadow (D:8)
  A vampire (D:10)
  23 yaks
  A wyvern (Lair:4)
  A basilisk (Lair:3)
  3 water moccasins
  2 porcupines
  2 orc warriors
  2 sky beasts (D:7)
  2 ice beasts
  An eye of draining (D:10)
  3 phantoms
  12 wolves
  8 ogres
  A centaur (D:6)
  7 crocodiles
  11 bullfrogs
  2 wyvern skeletons
  6 scorpions
  6 killer bees (D:10)
  9 wights
  4 electric eels (Lair:2)
  3 howler monkeys (D:10)
  10 crimson imps
  2 centaur zombies
  2 hounds
  2 jellies (D:10)
  5 orc priests
  2 iguanas
  5 orc wizards
  Ijyb (D:4)
  Natasha (thrice) (D:3)
  7 worker ants
  A killer bee zombie (D:6)
  3 hound skeletons
  A mummy (D:5)
  A howler monkey zombie (D:8)
  4 gnolls (D:8)
  9 adders
  2 shadow imps
  An ooze (D:4)
  A worm (Lair:2)
  4 leopard geckos
  34 orcs
  7 giant cockroaches
  4 goblins
  11 hobgoblins
  15 jackals
  7 quokkas
  A ball python (D:5)
  7 bats
  2 frilled lizards (D:1)
  5 kobolds
  A leopard gecko zombie (D:7)
  16 rats
  A plant (D:10)
324 creatures vanquished.

Vanquished Creatures (collateral kills)
  5 elephants (Lair:4)
  A blink frog (Lair:4)
  A porcupine (Lair:4)
  A fungus (Lair:4)
8 creatures vanquished.

Vanquished Creatures (others)
  A polar bear (IceCv)
  A yak (IceCv)
  5 wolves (IceCv)
  An orc wizard (D:4)
  A plant (Lair:2)
9 creatures vanquished.

Grand Total: 341 creatures vanquished

Notes
Turn   | Place    | Note
-------+----------+-------------------------------------------
     0 | D:1      | MDvedh the Troll Warper began the quest for the Orb.
     0 | D:1      | Reached XP level 1. HP: 19/19 MP: 1/1
    62 | D:1      | Reached XP level 2. HP: 27/27 MP: 2/2
   111 | D:1      | Reached skill level 3 in Unarmed Combat
   267 | D:1      | Learned a level 2 spell: Blink
   587 | D:2      | Reached XP level 3. HP: 33/33 MP: 3/3
   914 | D:3      | Noticed Natasha
   918 | D:3      | Killed Natasha
   918 | D:3      | Reached skill level 4 in Unarmed Combat
   918 | D:3      | Reached XP level 4. HP: 39/41 MP: 4/4
   948 | D:3      | Noticed Natasha
   960 | D:3      | Killed Natasha
  1076 | D:3      | Found an ancient bone altar of Kikubaaqudgha.
  1169 | D:3      | Reached skill level 5 in Unarmed Combat
  1510 | D:3      | Noticed Natasha
  1518 | D:3      | Killed Natasha
  1518 | D:3      | Reached XP level 5. HP: 41/48 MP: 5/5
  1674 | D:4      | Noticed an ogre
  1730 | D:4      | Killed an ogre
  1730 | D:4      | Reached skill level 6 in Unarmed Combat
  1797 | D:4      | Found an opulent altar of Gozag.
  2093 | D:4      | Reached XP level 6. HP: 55/55 MP: 6/6
  2271 | D:4      | Noticed Ijyb
  2281 | D:4      | Killed Ijyb
  2281 | D:4      | Reached skill level 1 in Armour
  2802 | D:5      | Entered Level 5 of the Dungeon
  2929 | D:6      | Noticed Prince Ribbit
  2946 | D:6      | Killed Prince Ribbit
  2946 | D:6      | Reached skill level 7 in Unarmed Combat
  2946 | D:6      | Reached XP level 7. HP: 28/62 MP: 2/7
  3152 | D:6      | Found a sparkling altar of Nemelex Xobeh.
  3186 | D:6      | Reached skill level 8 in Unarmed Combat
  3200 | D:6      | Reached XP level 8. HP: 51/70 MP: 8/8
  3255 | D:6      | Found a staircase to the Ecumenical Temple.
  3260 | Temple   | Entered the Ecumenical Temple
  3442 | Temple   | Became a worshipper of Qazlal Stormbringer
  3616 | D:5      | Found a sacrificial altar of Ru.
  4107 | D:5      | Reached skill level 5 in Armour
  4107 | D:5      | Reached skill level 9 in Unarmed Combat
  4241 | D:5      | You fall through a shaft!
  4277 | D:6      | You fall through a shaft for 2 floors!
  4501 | D:8      | Reached * piety under Qazlal
  4546 | D:8      | Reached XP level 9. HP: 76/76 MP: 9/9
  4583 | D:8      | Reached skill level 10 in Unarmed Combat
  5343 | D:7      | Reached ** piety under Qazlal
  6451 | D:9      | Noticed a troll
  6461 | D:9      | Killed a troll
  6461 | D:9      | Reached skill level 11 in Unarmed Combat
  6477 | D:9      | Reached skill level 1 in Invocations
  6477 | D:9      | Reached XP level 10. HP: 36/87 MP: 10/10
  6704 | D:9      | Found a staircase to the Orcish Mines.
  6709 | D:9      | Noticed a two-headed ogre
  6866 | D:9      | Killed a two-headed ogre
  6879 | D:9      | Reached *** piety under Qazlal
  7138 | D:9      | Noticed a two-headed ogre
  7143 | D:9      | Found a hazy altar of Hepliaklqana.
  7148 | D:9      | Killed a two-headed ogre
  7226 | D:9      | Gained mutation: You have large cloven feet. [potion of mutation]
  7226 | D:9      | Gained mutation: You are partially covered in molten scales. (AC +2) [potion of mutation]
  7402 | D:9      | Found a bloodstained altar of Trog.
  7442 | D:10     | Entered Level 10 of the Dungeon
  7519 | D:10     | Killed an unseen horror
  7627 | D:10     | Noticed a two-headed ogre
  7631 | D:10     | Killed a two-headed ogre
  7631 | D:10     | Reached XP level 11. HP: 98/101 MP: 8/13
  7639 | D:10     | Noticed a two-headed ogre
  7682 | D:10     | Killed a two-headed ogre
  7682 | D:10     | Reached skill level 12 in Unarmed Combat
  7930 | D:10     | Found a staircase to the Lair.
  8186 | Lair:1   | Entered Level 1 of the Lair of Beasts
  8249 | Lair:1   | Reached XP level 12. HP: 100/110 MP: 13/18
  8372 | Lair:1   | Found an opulent altar of Gozag.
  8431 | Lair:1   | Reached skill level 5 in Fighting
  8995 | Lair:2   | Found a staircase to the Shoals.
  9367 | Lair:2   | Found a hole to the Spider Nest.
 10504 | Lair:4   | Reached **** piety under Qazlal
 10747 | Lair:4   | Reached skill level 10 in Invocations
 10772 | Lair:4   | Found a frozen archway.
 10880 | IceCv    | Entered an ice cave
 11002 | IceCv    | Reached XP level 13. HP: 90/120 MP: 19/19
 11050 | IceCv    | Reached skill level 13 in Unarmed Combat
 11291 | IceCv    | Reached ***** piety under Qazlal
 11318 | IceCv    | Noticed a frost giant
 11321 | IceCv    | Killed from afar by a frost giant

Skill      XL: |  1  2  3  4  5  6  7  8  9 10 11 12 13 |
---------------+----------------------------------------+-----
Unarmed Combat | 3 4 5 6 7 8 9 11 12 13 | 13.1
Armour         | 2 3 5 7 8 9 |  9.8
Invocations    | 1 4 9 10 | 10.5
Fighting       | 4 6 |  6.6
Throwing       | |  0.8
Dodging        | |  1.9
Spellcasting   | |  1.2
Translocations | |  2.1

Action                   |  1- 3 |  4- 6 |  7- 9 | 10-12 | 13-15 || total
-------------------------+-------+-------+-------+-------+-------++-------
Melee: Unarmed           |   106 |   156 |   326 |   397 |    93 ||  1078
       Punch             |       |     4 |     5 |    19 |     7 ||    35
       Kick              |       |       |       |    70 |    29 ||    99
Invok: Upheaval          |       |       |       |     5 |       ||     5
       Elemental Force   |       |       |       |     1 |       ||     1
  Use: Scroll            |       |    14 |     2 |     8 |       ||    24
       Potion            |       |     1 |       |     3 |       ||     4
 Stab: Sleeping          |       |     2 |       |       |       ||     2
       Paralysed         |       |       |     2 |       |       ||     2
  Eat: Chunk             |    12 |    15 |    28 |    45 |     4 ||   104
       Meat ration       |       |       |       |     1 |       ||     1
Armor: Robe              |    58 |    11 |       |       |       ||    69
       Storm dragon scal |       |    48 |   151 |   221 |    57 ||   477
       Skin              |       |     2 |       |       |       ||     2
Dodge: Dodged            |    53 |    54 |    72 |   104 |    19 ||   302
       Deflected         |       |       |       |     1 |     1 ||     2
Block: Other             |       |       |    10 |    50 |    22 ||    82
